 Dungeon Crawl Stone Soup version 0.31-a0-845-g9abc20d24f (webtiles) character file.

Game seed: 1120099618612345524

173 arglypuff the Ducker (level 5, -4/35 HPs)
             Began as a Djinni Hedge Wizard on Oct 2, 2023.
             Slain by an iguana (12 damage)
             ... on level 6 of the Dungeon.
             The game lasted 00:04:20 (2372 turns).

arglypuff the Ducker (Djinni Hedge Wizard)          Turns: 2372, Time: 00:04:21

Health: -4/35      AC:  3    Str:  7 (9)  XL:     5   Next: 83%
Gold:   143        EV: 13    Int: 15 (17) God:
                   SH:  0    Dex: 10 (13)

rFire   + + .        a - +0 dagger
rCold   x . .        (no shield)
rNeg    . . .        b - +0 robe
rPois   ∞            c - +0 hat
rElec   .            (no cloak)
rCorr   .            n - +0 pair of gloves
SInv    .            (boots unavailable)
Will    .....        (no amulet)
Stlth   ++           (no ring)
HPRegen 0.25/turn    (no ring)
MPRegen 0.00/turn

%: infuse magic (-5 HP)
@: flying
A: sickness immunity, fire resistance 2, cold vulnerability 1, float, innate
caster, HP casting, extra vitality 1
a: no special abilities


You were on level 6 of the Dungeon.
You visited 1 branch of the dungeon, and saw 4 of its levels.

You collected 143 gold pieces.

Inventory:

Hand Weapons
 a - a +0 dagger (weapon)
Armour
 b - a +0 robe (worn)
 c - a +0 hat (worn)
 n - a +0 pair of gloves (worn)
 v - the +0 pair of gloves "Uqawkuj" {*Slow Regen+ rCorr Stlth+}
   (You found it on level 6 of the Dungeon)

   Regen+:    It increases your rate of health regeneration.
   rCorr:     It protects you from acid and corrosion.
   *Slow:     It may slow you when you take damage.
   Stlth+:    It makes you more stealthy.
Jewellery
 s - a +6 ring of intelligence
Talismans
 j - a beast talisman
Wands
 l - a wand of iceblast (5)
Scrolls
 e - a scroll of poison {unknown}
 f - a scroll of fear {unknown}
 i - 2 scrolls of enchant armour {unknown}
 m - 2 scrolls of identify {unknown}
 p - 2 scrolls of blinking {unknown}
 t - a scroll of revelation {unknown}
 u - a scroll of immolation {unknown}
Potions
 k - a potion of brilliance {unknown}
 o - a potion of magic {unknown}
 q - a potion of lignification {unknown}
 r - a potion of heal wounds {unknown}


   Skills:
 + Level 4.1 Dodging
 + Level 3.5 Stealth
 + Level 3.2 Spellcasting
 + Level 3.2 Conjurations
 + Level 3.2 Hexes
 + Level 3.2 Summonings
 + Level 3.2 Necromancy
 + Level 3.2 Translocations
 + Level 3.2 Transmutations
 + Level 3.2 Fire Magic
 + Level 3.2 Ice Magic
 + Level 3.2 Air Magic
 + Level 3.2 Earth Magic
 + Level 3.2 Poison Magic


You knew the following spells:

 Your Spells              Type           Power      Damage    Failure   Level
a - Magic Dart            Conj           48%        1d5       5%          1
b - Slow                  Hex            48%        N/A       5%          1
c - Blink                 Tloc           24%        N/A       8%          2
d - Call Imp              Summ           24%        N/A       8%          2
e - Mephitic Cloud        Conj/Pois/Air  12%        N/A       16%         3
f - Shock                 Conj/Air       48%        1d6       5%          1
g - Lesser Beckoning      Tloc           24%        N/A       8%          2
Your spell library was empty.

Dungeon Overview and Level Annotations

Branches:
Dungeon (3/15)

Altars:


Innate Abilities, Weirdness & Mutations

You are immune to sickness and miasma.
You are immune to poison.
Your flesh is very heat resistant. (rF++)
You are vulnerable to cold. (rC-)
You float through the air rather than walking.
You learn spells naturally, not from books.
Your magical power is your life essence.
You have superior vitality. (+4 MHP)


Message History

Okay, then.
Casting: Magic Dart (safe; 5% risk of failure)
Confirm with . or Enter, or press ? or * to list all spells.
Aiming: Magic Dart (safe; 5% risk of failure)
Press: ? - help, Shift-Dir - straight line, f/p - iguana
Aim: an iguana (ally target, 100% to hit)
The magic dart hits the iguana but does no damage.
Your cerulean imp barely misses the iguana.
The iguana bites you.
* * * LOW HITPOINT WARNING * * *
Casting: Magic Dart (safe; 5% risk of failure)
Confirm with . or Enter, or press ? or * to list all spells.
Aiming: Magic Dart (safe; 5% risk of failure)
Press: ? - help, Shift-Dir - straight line, f/p - iguana
Aim: an iguana (ally target, 100% to hit)
The magic dart hits the iguana.
The iguana is lightly wounded.
* * * LOW HITPOINT WARNING * * *
Your cerulean imp closely misses the iguana.
The iguana bites you but does no damage.
Casting: Magic Dart (safe; 5% risk of failure)
Confirm with . or Enter, or press ? or * to list all spells.
Aiming: Magic Dart (safe; 5% risk of failure)
Press: ? - help, Shift-Dir - straight line, f/p - iguana
Aim: an iguana (lightly wounded, ally target, 100% to hit)
The magic dart hits the iguana but does no damage.
The iguana is lightly wounded.
* * * LOW HITPOINT WARNING * * *
Your cerulean imp closely misses the iguana.
The iguana closely misses you.
Casting: Magic Dart (safe; 5% risk of failure)
Confirm with . or Enter, or press ? or * to list all spells.
Aiming: Magic Dart (safe; 5% risk of failure)
Press: ? - help, Shift-Dir - straight line, f/p - iguana
Aim: an iguana (lightly wounded, ally target, 100% to hit)
The magic dart hits the iguana.
The iguana is moderately wounded.
* * * LOW HITPOINT WARNING * * *
Your cerulean imp misses the iguana.
The iguana bites you!
You die...

.........###+###..#
..................#
..................#
#######..##...##..#
#..#######'##
#.......#.5.#
#.......#...#
#..##...##l.#
#..#######@.#
#.......##..#
#####...##..#
#..##.......#
#............#
#............#
##.###...###.# #
##### #.# ...


You could see an iguana (ally target) and a friendly cerulean imp (summoned).

Vanquished Creatures
  A jelly (D:3)
  7 adders
  2 worms (D:2)
  2 dart slugs (D:1)
  3 orcs (D:3)
  6 endoplasms
  4 giant cockroaches
  7 goblins
  5 hobgoblins
  3 jackals (D:3)
  6 kobolds
  5 ball pythons
  6 bats
  4 frilled lizards
  2 rats (D:1)
63 creatures vanquished.

Notes
Turn   | Place    | Note
-------+----------+-------------------------------------------
     0 | D:1      | arglypuff the Djinni Hedge Wizard began the quest for the
                  | Orb.
     0 | D:1      | arglypuff set off with the following spells memorised:
                  | Magic Dart, Slow, Blink, Call Imp, Mephitic Cloud.
     0 | D:1      | Reached XP level 1. HP: 15/15 MP: 0/0
     1 | D:1      | Noticed an ice dragon
     2 | D:1      | Noticed a tentacled monstrosity
     3 | D:1      | Noticed an orb of fire
     6 | D:1      | Noticed a large abomination
     8 | D:1      | Noticed a large abomination
    10 | D:1      | Noticed a red draconian
    12 | D:1      | Noticed a large abomination
    14 | D:1      | Noticed a large abomination
    14 | D:1      | Noticed an orb of fire
    16 | D:1      | Noticed an orb of fire
    16 | D:1      | Noticed an iron dragon
    16 | D:1      | Noticed an ice dragon
    18 | D:1      | Noticed an ice dragon
    20 | D:1      | Noticed a tentacled monstrosity
    20 | D:1      | Noticed an orb of fire
    22 | D:1      | Noticed a shadow dragon
   121 | D:1      | Reached XP level 2. HP: 16/21 MP: 0/0
   403 | D:1      | Reached skill level 3 in Dodging
   403 | D:1      | Reached XP level 3. HP: 23/25 MP: 0/0
   403 | D:1      | Learned a level 1 spell: Shock
   450 | D:1      | Found a faded altar of an unknown god.
   901 | D:2      | Reached XP level 4. HP: 30/31 MP: 0/0
  1688 | D:3      | Reached XP level 5. HP: 18/35 MP: 0/0
  1688 | D:3      | Learned a level 2 spell: Lesser Beckoning
  1845 | D:3      | Reached skill level 4 in Dodging
  2323 | D:3      | You are sucked into a shaft and drop 3 floors!
  2327 | D:6      | Identified the +0 pair of gloves "Uqawkuj" {*Slow Regen+
                  | rCorr Stlth+}
  2372 | D:6      | Slain by an iguana

Illustrated notes

Levels and vault maps discovered:
D:1:      shiori_arrival_whats_in_store_for_you, layout_rooms,
          shapermc_ecumenical_altar_acropolis, roderic_serpentine_path,
          minmay_fountain_box
D:2:      layout_basic
D:3:      minmay_spotlight, layout_loops_corners
D:6:      layout_gridville

Skill      XL: |  1  2  3  4  5 |
---------------+----------------+-----
Stealth        | 2 3 |  3.5
Dodging        | 3 4 |  4.1
Spellcasting   | 3 |  3.2
Conjurations   | 3 |  3.2
Hexes          | 3 |  3.2
Summonings     | 3 |  3.2
Necromancy     | 3 |  3.2
Translocations | 3 |  3.2
Transmutations | 3 |  3.2
Fire Magic     | 3 |  3.2
Ice Magic      | 3 |  3.2
Air Magic      | 3 |  3.2
Earth Magic    | 3 |  3.2
Poison Magic   | 3 |  3.2

Action                     |  1- 3 |  4- 6 || total
---------------------------+-------+-------++-------
   Cast: Magic Dart        |    74 |   105 ||   179
         Shock             |       |     2 ||     2
         Call Imp          |       |     1 ||     1
    Use: Potion            |       |     3 ||     3
 Armour: Robe              |     3 |    16 ||    19
  Dodge: Dodged            |     2 |    21 ||    23

Table legend: (Time is in decaauts)
 A = Elapsed time spent in this place.
 B = Non-inter-level travel time spent in this place.
 C = Inter-level travel time spent in this place.
 D = Time resting spent in this place.
 E = Time spent auto-exploring this place.
 F = Levels seen in this place.
 G = Mean time per level.
                   A        B        C        D        E       F      G
               +--------+--------+--------+--------+--------+-----+--------+
         Total |   2371 |   2322 |     49 |      3 |   1971 |   4 |  592.8 |
       Dungeon |   2371 |   2322 |     49 |      3 |   1971 |   4 |  592.8 |
               +--------+--------+--------+--------+--------+-----+--------+

Top non-repeatable levels by time:
     D:2: 808 daAuts
     D:1: 759 daAuts
     D:3: 754 daAuts
     D:6: 48 daAuts
